AoeStats
← dumbcube

Migration

508362594Analyzed
1v1 RM · 9d ago on Sep 22, 2026· 45m 6s· 2 players
Game mode
Random Map
Map size
132×132
Population
200
Speed
Normal
Resources
Standard
Victory
Conquest
Starting age
Dark Age
Ending age
Imperial Age
RankedLock teamsTeams togetherTeam positionsShared explorationLock speedFull tech treeHidden civsTurbo modeCheats
Victory
Defeat
🇺🇸 Tupi · United States
627
+16
🇺🇸 Burgundians · United States
634
-16
dumbcube
8:21 Loom
11:08 Feudal Age
12:01 Double-Bit Axe
13:09 Horse Collar
18:39 Castle Age
23:52 Fletching
24:02 Padded Archer Armor
27:57 Bodkin Arrow
28:18 Leather Archer Armor
28:17 Forging
29:20 Town Watch
33:06 Imperial Age
33:44 Elite Blackwood Archer
34:28 Bracer
42:01 Chemistry
45:46 Ring Archer Armor
ObiWangKaBlowMe
4:38 Loom
9:05 Wheelbarrow
11:25 Feudal Age
13:08 Horse Collar
13:58 Double-Bit Axe
14:17 Heavy Plow
16:53 Bow Saw
16:32 Town Watch
19:31 Gold Mining
23:59 Castle Age
24:01 Fletching
24:18 Scale Barding Armor
26:56 Medium Warships
28:02 Hand Cart
28:58 Bodkin Arrow
32:27 Husbandry
31:58 Cavalier
37:01 Imperial Age
37:23 Capped Ram
40:03 Town Patrol
42:19 Forging
42:32 Ballistics
43:21 Paladin
Connection lost

Rejoining the realm…

Still unreachable

The connection could not be restored.

Session expired

The server has moved on; the page needs a fresh start.